 Dungeon Crawl Stone Soup version 0.25-a0-479-g8579842fd4 (webtiles) character file.

Game seed: 8433027379723522028, levelgen mode: deterministic

23709 Gargoyl the Agent of Entropy (level 12, -9/100 HPs)
             Began as a Centaur Abyssal Knight on Feb 9, 2020.
             Was a Priest of Lugonu.
             Mangled by a hellwing (10 damage)
             ... in a Gauntlet.
             The game lasted 00:25:46 (15681 turns).

Gargoyl the Agent of Entropy (CeAK)                Turns: 15681, Time: 00:25:47

Health: -9/100     AC: 24    Str: 26    XL:     12   Next: 74%
Magic:  5/19       EV: 11    Int:  7    God:    Lugonu [***...]
Gold:   729        SH: 27    Dex: 16    Spells: 11/11 levels left

rFire    + . .     SeeInvis .   q - +7 spear "Zistozoq" {vorpal, rC+}
rCold    + . .     Gourm    .   l - +10 large shield of Ignorance {rN+ Int-4}
rNeg     + . .     Faith    .   D - +2 plate armour {rF+}
rPois    +         Spirit   .   I - +0 helmet
rElec    .         Reflect  .   w - +2 cloak {rPois}
rCorr    .         Harm     .   e - +2 pair of gloves {Str+3}
MR       .....     NoTele   +   (no barding)
Stlth    ..........             n - amulet of rage
HPRegen  0.26/turn              (no ring)
MPRegen  0.16/turn              (no ring)

@: mighty, agile, starving, hasted, very quick
A: large, hooves 3, yellow scales 1, deformed body, speed 2, shaggy fur 1, tough
skin 3
a: Depart the Abyss, Bend Space, Banish, Renounce Religion, Evoke Berserk Rage


You were in a Gauntlet.
You worshipped Lugonu.
Lugonu was most pleased with you.
You were starving.

You visited 2 branches of the dungeon, and saw 13 of its levels.
You visited the Abyss 2 times.
You also visited: Ossuary and Gauntlet.

You collected 729 gold pieces.

Inventory:

Hand Weapons
 a - a +1 hand axe of chaos
 f - the +10 long sword "Beukhlist" {flame, rPois rN+ Int+4}
   (You took it off a big kobold on level 9 of the Dungeon)

   It has been specially enchanted to burn those struck by it, causing extra
   injury to most foes and up to half again as much damage against particularly
   susceptible opponents.
   Big, fiery blades are also staple armaments of hydra-hunters.
   It affects your intelligence (+4).
   It protects you from poison.
   It protects you from negative energy.
 m - a +3 hand axe of flaming
 q - the +7 spear "Zistozoq" (weapon) {vorpal, rC+}
   (You found it on level 4 of the Dungeon)

   It inflicts extra damage upon your enemies.
   It protects you from cold.
 r - a +2 hand axe of freezing
Missiles
 J - a silver javelin (quivered)
Armour
 e - a +2 pair of gloves of strength (worn)
 l - the +10 large shield of Ignorance (worn) {rN+ Int-4}
   (You acquired it on level 7 of the Dungeon)

   It affects your intelligence (-4).
   It protects you from negative energy.
   If you remove this armour, your AC will rise 0 points (24 -> 24)
 u - a +0 cloak
 w - a +2 cloak of poison resistance (worn)
 D - a +2 plate armour of fire resistance (worn)
 I - a +0 helmet (worn)
Jewellery
 n - an amulet of rage (around neck)
 v - an uncursed ring of protection from magic {unknown}
Wands
 p - a wand of flame (22)
 t - a wand of enslavement (2)
 B - a wand of paralysis (8)
Scrolls
 i - 2 scrolls of teleportation
 s - 2 scrolls of fog
 y - 3 scrolls of fear
 z - a scroll of identify
 C - 4 scrolls of remove curse
Potions
 d - 5 potions of agility
 g - a potion of cancellation
 h - 2 potions of brilliance
 j - 3 potions of invisibility
 k - a potion of haste
 o - 4 potions of magic
 x - a potion of lignification
 F - a potion of flight
 G - 2 potions of mutation
Miscellaneous
 H - a lightning rod (4/4)
Comestibles
 c - 17 rations


   Skills:
 + Level 7.0 Fighting
 + Level 4.2(6.9) Axes
 + Level 8.6(9.0) Polearms
 + Level 0.5 Throwing
 * Level 7.5 Armour
 * Level 6.7 Dodging
 + Level 7.1 Shields
 * Level 9.7 Invocations
 + Level 0.1 Evocations


You had 11 spell levels left.
You didn't know any spells.
Your spell library contained the following spells:

 Spells                   Type           Power        Failure   Level  Hunger
 Animate Skeleton         Necr           N/A          100%        1    ##.....
 Corona                   Hex            #......      100%        1    ##.....
 Pain                     Necr           #...         100%        1    ##.....
 Shock                    Conj/Air       #...         100%        1    ##.....
 Sting                    Tmut/Pois      #...         100%        1    ##.....
 Ensorcelled Hibernation  Hex/Ice        #.....       100%        2    ###....
 Poisonous Vapours        Pois/Air       #.....       100%        2    ###....
 Swiftness                Chrm/Air       #.......     100%        2    ###....
 Confusing Touch          Hex            #.......     100%        3    ####...
 Dazzling Flash           Conj/Hex       #.....       100%        3    ####...
 Ignite Poison            Fire/Tmut/Pois #.......     100%        3    ####...
 Mephitic Cloud           Conj/Pois/Air  #.......     100%        3    ####...
 Static Discharge         Conj/Air       #.......     100%        3    ####...
 Tukima's Dance           Hex            #.......     100%        3    ####...
 Vampiric Draining        Necr           #.........   100%        3    ####...
 Airstrike                Air            #.........   100%        4    #####..
 Animate Dead             Necr           N/A          100%        4    #####..
 Olgreb's Toxic Radiance  Pois           #.......     100%        4    #####..
 Agony                    Necr           #.......     100%        5    ######.
 Lightning Bolt           Conj/Air       #.........   100%        5    ######.


Dungeon Overview and Level Annotations

Branches:
Dungeon (11/15)            Temple (0/1) D:5            Lair (2/6) D:11
  Swamp (0/4) Lair:2       Spider (0/4) Lair:2          Orc (0/2) D:11
Ossuary (visited)         Gauntlet (1/1)

Altars:
Cheibriados
Dithmenos
Fedhas
Gozag
Hepliaklqana
Kikubaaqudgha
Nemelex Xobeh
Okawaru
Qazlal
Trog
Uskayaw
Wu Jian
Xom
The Shining One

Shops:
D:10 (

Annotations:
D:4 1 runed translucent door, DerDa's ghost, novice GrEE
D:8 exclusion: ice statue
D:9 1 transporter, Olasaseh's ghost, novice KoEn
Lair:2 Erica Gauntlet 3 transporters, corrupted


Innate Abilities, Weirdness & Mutations

You have hooves in place of feet.
Armour fits poorly on your strangely shaped body.
You cover ground very quickly.
You have extremely tough skin. (AC +3)
You are partially covered in yellow scales. (AC +2)
You are covered in fur. (AC +1)


Message History

Press: ? - help, Shift-Dir - straight line, f - reaper
Aim: a reaper, wielding a +1 scythe of protection (chance to defeat MR: 23%)
The reaper resists with almost no effort.
You are near starving!
Unknown command.
Press: ? - help, Shift-Dir - straight line, f/p - reaper
Aim: a reaper, wielding a +1 scythe of protection (chance to defeat MR: 23%)
The reaper resists with almost no effort.
You feel somewhat more hungry. You block the hellwing's attack.
The hellwing completely misses you.
The reaper hits you from afar with a +1 scythe of protection!
* * * LOW HITPOINT WARNING * * *
Unknown command.
Okay, then.
Press: ? - help, Shift-Dir - straight line, f/p - reaper
Aim: a reaper, wielding a +1 scythe of protection (chance to defeat MR: 23%)
The reaper resists with almost no effort.
You are starving!
The hellwing hits you!
You die...

#.##..#..#.#...........8#
........÷..#..........#####
.###.##....#########.....≈###
.........#........©#......#8#
.##..#..##.#############..###
.........#.#.#.....5...#..#
.#....#..#.#.#.2##.##.5#..#
..##.##)?#.#.#.#.5#4.#.#..#
..#..##..#.#.#.#@4#©.#.#..#
..#.©.#.©#©#.#.^#####..#..#
..##)##..###.#.#. .#.####
..##.##..#...#.# ^.#.#©..
.#.....#.#...#.. .##..####.
.........#...#.. .#
##########...### #
...........§....
..........≈8≈...


You could see a reaper, a hellwing and 2 shadow imps.

Vanquished Creatures
  Gastronok (D:8)
  A tentacled starspawn (Abyss:1)
  A hydra (D:11)
  2 two-headed ogres
  A queen ant (Gauntlet)
  Pikel (D:5)
  2 ugly things (D:11)
  4 spiny frogs
  A gargoyle (D:10)
  A rime drake (Lair:1)
  A komodo dragon (Lair:1)
  A troll (D:8)
  A hornet (D:11)
  5 hippogriffs
  3 blink frogs (Lair:1)
  A wyvern (D:11)
  5 yaks (D:11)
  A wraith (D:9)
  2 water elementals (D:11)
  3 hungry ghosts
  Edmund (D:6)
  6 soldier ants (Gauntlet)
  Duvessa (D:7)
  4 porcupines
  6 water moccasins (Lair:1)
  6 orc warriors
  6 sky beasts
  2 slaves (D:5)
  2 black bears (D:11)
  6 ice beasts
  A necrophage (D:11)
  5 ogres
  A small abomination (Abyss:1)
  A phantom (D:4)
  3 centaurs
  6 wolves
  2 crocodiles
  7 elf zombies
  4 big kobolds
  A wyvern zombie (D:11)
  7 bullfrogs
  Dowan (D:7)
  An elf skeleton (D:5)
  2 water moccasin zombies
  5 scorpions
  17 wights
  22 killer bees
  6 howler monkeys
  3 electric eels
  3 crimson imps
  6 centaur zombies
  A jelly (D:9)
  A quasit (D:8)
  5 human zombies (Ossuary)
  2 hounds
  9 orc wizards
  8 orc priests
  A bullfrog skeleton (D:6)
  A human skeleton (D:5)
  An iguana (D:8)
  4 worker ants
  2 hound zombies
  3 mummies (Ossuary)
  A howler monkey skeleton (D:9)
  8 gnolls
  8 adders
  2 oozes
  2 adder skeletons
  5 worms
  A dart slug (D:3)
  5 leopard geckos
  37 orcs
  6 giant cockroaches
  5 goblins
  7 hobgoblins
  15 jackals
  26 kobolds
  4 quokkas
  3 ball pythons
  7 bats
  5 frilled lizards
  A leopard gecko skeleton (D:5)
  An orc skeleton (D:5)
  A quokka zombie (D:6)
  6 rats
  A starspawn tentacle (Abyss:1)
377 creatures vanquished.

Vanquished Creatures (others)
  A reaper (Gauntlet)
  2 hellwings (Gauntlet)
  An efreet (Gauntlet)
  A vampire (D:8)
  2 fire elementals (Gauntlet)
  A spatial vortex (Gauntlet)
  A hell hound (Gauntlet)
  A crocodile (Lair:1)
  6 demonic plants (Gauntlet)
  2 starspawn tentacles (Abyss:1)
18 creatures vanquished.

Grand Total: 395 creatures vanquished

Notes
Turn   | Place    | Note
-------+----------+-------------------------------------------
     0 | Abyss:1  | Gargoyl the Centaur Abyssal Knight began the quest for the
                  | Orb.
     0 | Abyss:1  | Reached XP level 1. HP: 19/19 MP: 2/2
    76 | Abyss:1  | Noticed a small abomination
   107 | Abyss:3  | Noticed a large abomination
   155 | Abyss:3  | Noticed a spatial maelstrom
   155 | Abyss:3  | Noticed a small abomination
   156 | D:1      | Escaped the Abyss
   242 | D:1      | Reached * piety under Lugonu
   253 | D:1      | Reached XP level 2. HP: 26/26 MP: 3/3
   783 | D:1      | Reached skill level 1 in Dodging
  1019 | D:1      | Reached XP level 3. HP: 31/31 MP: 4/4
  1937 | D:2      | Found an opulent altar of Gozag.
  2060 | D:2      | Reached XP level 4. HP: 31/38 MP: 5/5
  2245 | D:2      | Found a stormy altar of Qazlal.
  2774 | D:3      | Found a blossoming altar of Fedhas.
  2890 | D:3      | Found an ancient bone altar of Kikubaaqudgha.
  3091 | D:3      | Reached ** piety under Lugonu
  3140 | D:3      | Reached XP level 5. HP: 44/46 MP: 7/7
  3378 | D:4      | Got a warped spear
  3379 | D:4      | Identified the +7 spear "Zistozoq" {vorpal, rC+} (You found
                  | it on level 4 of the Dungeon)
  3529 | D:4      | Found a sparkling altar of Nemelex Xobeh.
  3629 | D:4      | Noticed DerDa's ghost (novice GrEE)
  3634 | D:4      | Found a runed translucent door.
  3640 | D:4      | Reached skill level 3 in Invocations
  3668 | D:4      | Noticed an ice beast
  3711 | D:4      | Killed an ice beast
  3711 | D:4      | Reached XP level 6. HP: 15/52 MP: 8/8
  4370 | D:5      | Entered Level 5 of the Dungeon
  4693 | D:5      | Reached skill level 1 in Polearms
  4693 | D:5      | Reached XP level 7. HP: 59/59 MP: 9/9
  4701 | D:5      | Found a sand-covered staircase.
  4710 | Ossuary  | Entered an ossuary
  4901 | Ossuary  | Reached skill level 4 in Invocations
  5130 | Ossuary  | Reached XP level 8. HP: 62/67 MP: 11/11
  5307 | D:5      | Reached *** piety under Lugonu
  5341 | D:5      | Found a hazy altar of Hepliaklqana.
  5484 | D:5      | Found a staircase to the Ecumenical Temple.
  5707 | D:5      | Found a glowing golden altar of the Shining One.
  5954 | D:5      | Noticed Pikel
  5974 | D:5      | Killed Pikel
  5974 | D:5      | Reached skill level 5 in Armour
  5974 | D:5      | Reached skill level 5 in Invocations
  5974 | D:5      | Reached XP level 9. HP: 70/73 MP: 12/12
  6066 | D:6      | Noticed Edmund
  6077 | D:6      | Killed Edmund
  6276 | D:6      | Found an iron altar of Okawaru.
  6393 | D:6      | Reached skill level 5 in Fighting
  6424 | D:6      | Found an ornate altar of the Wu Jian Council.
  6498 | D:7      | Identified a scroll of acquirement
  6499 | D:7      | Found the +10 large shield of Ignorance {rN+ Int-4}
  6567 | D:7      | Reached skill level 5 in Polearms
  6746 | D:7      | Reached **** piety under Lugonu
  6753 | D:7      | Reached skill level 1 in Shields
  6798 | D:7      | Found a shimmering altar of Xom.
  6947 | D:7      | Noticed Duvessa
  6947 | D:7      | Noticed Dowan
  6954 | D:7      | Killed Duvessa
  6968 | D:7      | Killed Dowan
  6998 | D:7      | Found a snail-covered altar of Cheibriados.
  7062 | D:7      | Reached skill level 6 in Invocations
  7330 | D:8      | Noticed a troll
  7341 | D:8      | Killed a troll
  7363 | D:8      | Reached XP level 10. HP: 51/81 MP: 14/14
  7692 | D:8      | Noticed Gastronok
  7712 | D:8      | Killed Gastronok
  7812 | D:8      | Noticed a two-headed ogre
  7818 | D:8      | Found a bloodstained altar of Trog.
  7889 | D:8      | Reached skill level 7 in Invocations
  8223 | D:7      | Killed a two-headed ogre
  8582 | D:8      | Noticed an ice statue
  9118 | D:8      | Found a shadowy altar of Dithmenos.
  9170 | D:8      | Reached skill level 5 in Dodging
  9415 | D:1      | Gained mutation: You are covered in fur. (AC +1) [potion of
                  | mutation]
  9415 | D:1      | Gained mutation: You are partially covered in yellow
                  | scales. (AC +2) [potion of mutation]
  9598 | D:9      | Reached XP level 11. HP: 89/89 MP: 16/16
  9600 | D:9      | Found a hide-covered altar of Uskayaw.
  9637 | D:9      | Identified the +10 long sword "Beukhlist" {flame, rPois rN+
                  | Int+4}
  9736 | D:9      | Reached skill level 8 in Invocations
  9751 | D:9      | Reached ***** piety under Lugonu
  9777 | D:9      | Found a transporter.
 10329 | D:9      | Noticed Olasaseh's ghost (novice KoEn)
 10583 | D:10     | Entered Level 10 of the Dungeon
 10583 | D:10     | Noticed a two-headed ogre
 10593 | D:10     | Killed a two-headed ogre
 10593 | D:10     | Reached skill level 5 in Shields
 10981 | D:10     | Found Soanwudo's Antique Weapon Shop.
 12213 | D:11     | Noticed an eight-headed hydra
 12235 | D:11     | Killed an eight-headed hydra
 12599 | D:11     | Noticed a green ugly thing
 12614 | D:11     | Killed a green ugly thing
 12614 | D:11     | Reached XP level 12. HP: 97/97 MP: 18/18
 12750 | D:11     | Reached ****** piety under Lugonu
 13010 | D:11     | Found a staircase to the Lair.
 13104 | D:11     | Found a staircase to the Orcish Mines.
 13319 | Lair:1   | Entered Level 1 of the Lair of Beasts
 13337 | D:11     | Reached skill level 9 in Invocations
 14964 | Lair:2   | Found a shadowy altar of Dithmenos.
 15046 | Lair:2   | Found a gate leading to a gauntlet.
 15046 | Lair:2   | Noticed Erica
 15051 | Gauntlet | Entered a Gauntlet
 15051 | Gauntlet | Found a transporter.
 15051 | Gauntlet | Found a transporter.
 15056 | Gauntlet | Noticed a queen ant
 15056 | Gauntlet | Found a transporter.
 15069 | Gauntlet | Found a transporter.
 15088 | Gauntlet | Killed a queen ant
 15111 | Gauntlet | Got a pair of distressingly furry gloves
 15203 | Gauntlet | Identified the cursed +0 pair of gloves "Ywen" {+Inv Str+4
                  | Int+3} (You found it in a Gauntlet)
 15217 | Gauntlet | Found a transporter.
 15243 | Gauntlet | Found a transporter.
 15260 | Gauntlet | Corrupted Gauntlet
 15260 | Gauntlet | Noticed a starcursed mass
 15260 | Gauntlet | Noticed a balrug
 15260 | Gauntlet | Noticed a starcursed mass
 15260 | Gauntlet | Noticed a lich
 15261 | Gauntlet | Found a transporter.
 15261 | Gauntlet | Noticed a reaper
 15276 | Gauntlet | Killed a reaper
 15304 | Gauntlet | Found a transporter.
 15319 | Gauntlet | Noticed a reaper
 15610 | Gauntlet | HP: 4/97 [hellwing (7)]
 15616 | Abyss:1  | Noticed a tentacled starspawn
 15652 | Abyss:1  | Killed a tentacled starspawn
 15678 | Gauntlet | Escaped the Abyss
 15680 | Gauntlet | HP: 1/100 [reaper/+1 scythe of protection (16)]
 15681 | Gauntlet | Mangled by a hellwing

Levels and vault maps discovered:
D:1:      roderic_crossed_star, layout_basic
D:2:      layout_basic, grunt_gozag_breadcrumbs, lemuel_doored_altar
D:3:      layout_basic, fedhas_altar_3, overflow_temple_1_default
D:4:      layout_loops_ring, lemuel_round_altar, first_ration,
          hellmonk_ghost_happy_afterlife
D:5:      layout_basic, chequers_temple_overflow_statue_of_worship,
          minmay_temple_entry_gardened_gates, nicolae_ossuary_entry_catacombs,
          uniq_pikel
D:6:      layout_rooms, marbit_many_paths, lemuel_coloured_pillars_altar,
          uniq_edmund
D:7:      layout_loops_ring, cheibriados_altar_1, overflow_temple_1_default,
          uniq_duvessa
D:8:      cheibrodos_frozen_isle, layout_loops_ring,
          nicolae_overflow_crystal_walls,
          nicolae_dithmenos_through_a_glass_darkly, uniq_gastronok
D:9:      layout_roguey, overflow_temple_1_default, gammafunk_ghost_hive
D:10:     layout_cave_pools, serial_shops, shop
D:11:     layout_irregular_city, grunt_lair_entry_orc_guard_hut, erik_orc_2
Lair:1:   layout_regular_city, serial_bayou_lake_a, grunt_megastairs_2
Lair:2:   layout_roguey, palyth_hydra_swamp_entry, spider_nest_entry_funnel_web,
          basic_altar, gauntlet_entry_generic, serial_bayou_pond_e,
          serial_bayou_pond_e, uniq_erica
Gauntlet: gammafunk_gauntlet_branching [gammafunk_gauntlet_arena_open,
          gammafunk_gauntlet_arena_split_x,
          gammafunk_gauntlet_arena_arrow_garden, nicolae_gauntlet_arena_blocks,
          gammafunk_gauntlet_arena_chambers,
          minmay_gauntlet_arena_make_your_own_arena,
          nicolae_gauntlet_arena_quarters, gammafunk_gauntlet_arena_hedges,
          gauntlet_exit_watery]

Skill      XL: |  1  2  3  4  5  6  7  8  9 10 11 12 |
---------------+-------------------------------------+-----
Axes           | 2 3 4 |  4.2
Dodging        | 1 2 3 4 5 6 |  6.7
Armour         | 2 3 4 5 6 7 |  7.5
Invocations    | 3 4 5 6 7 8 9 |  9.7
Fighting       | 4 5 6 7 |  7.0
Polearms       | 1 2 4 5 6 8 |  8.6
Shields        | 2 4 6 7 |  7.1
Throwing       | |  0.5
Evocations     | |  0.1

Action                   |  1- 3 |  4- 6 |  7- 9 | 10-12 || total
-------------------------+-------+-------+-------+-------++-------
Melee: Hand axe          |   143 |    76 |       |    45 ||   264
       Kick              |    17 |    27 |    95 |   285 ||   424
       Spear             |       |    67 |   360 |   963 ||  1390
Throw: Javelin           |       |       |     3 |    13 ||    16
Invok: Depart the Abyss  |     1 |       |       |     1 ||     2
       Bend Space        |       |       |       |     4 ||     4
       Banish            |       |       |       |     5 ||     5
       Corrupt           |       |       |       |     1 ||     1
       Enter the Abyss   |       |       |       |     1 ||     1
 Abil: Evoke Berserk Rag |       |       |       |     2 ||     2
  Use: Potion            |     1 |       |       |    12 ||    13
       Scroll            |     5 |       |     5 |    18 ||    28
 Stab: Distracted        |       |       |       |     1 ||     1
  Eat: Chunk             |     2 |     7 |     6 |    18 ||    33
       Ration            |       |       |     1 |     3 ||     4
Armor: Chain mail        |   111 |    81 |   100 |    47 ||   339
       Plate armour      |       |       |       |   245 ||   245
Dodge: Dodged            |    38 |    33 |    46 |    49 ||   166
Block: Large shield      |       |       |   137 |  1048 ||  1185

Table legend:
 A = Non-vault XP
 B = Vault XP
 C = Vault XP percentage of total XP
 D = Non-vault monster count
 E = Vault monster count
 F = Vault count percentage of total count
                 A         B        C        D         E       F
            +---------+---------+-------+---------+---------+-------
      Total |   25616 |    8254 |  24.4 |     313 |      66 |  17.4
            +---------+---------+-------+---------+---------+-------
        D:1 |      47 |       0 |   0.0 |      26 |       0 |   0.0
        D:2 |      70 |       0 |   0.0 |      18 |       0 |   0.0
        D:3 |      89 |       0 |   0.0 |      29 |       0 |   0.0
        D:4 |     390 |       0 |   0.0 |      12 |       0 |   0.0
        D:5 |     353 |    1081 |  75.4 |      12 |       7 |  36.8
        D:6 |     128 |     174 |  57.6 |       5 |       2 |  28.6
        D:7 |    2688 |     226 |   7.8 |      31 |       2 |   6.1
        D:8 |    2277 |    2245 |  49.6 |      32 |       1 |   3.0
        D:9 |    3215 |       0 |   0.0 |      54 |       0 |   0.0
       D:10 |    2304 |       0 |   0.0 |      17 |       0 |   0.0
       D:11 |    6660 |    1175 |  15.0 |      50 |      25 |  33.3
     Lair:1 |    4673 |     485 |   9.4 |      24 |       4 |  14.3
     Lair:2 |     370 |       0 |   0.0 |       1 |       0 |   0.0
    Abyss:1 |    2352 |       0 |   0.0 |       2 |       0 |   0.0
    Ossuary |       0 |     821 | 100.0 |       0 |      15 | 100.0
   Gauntlet |       0 |    2047 | 100.0 |       0 |      10 | 100.0
            +---------+---------+-------+---------+---------+-------
